 Dungeon Crawl Stone Soup version 0.21.0-3-g78d12a8 (webtiles) character file.

777 Monsterracer the Ruffian (level 7, 0/96 HPs)
             Began as a Naga Abyssal Knight on Jan 13, 2018.
             Was a Believer of Lugonu.
             Slain by a wight
             ... wielding a cursed +0 trident of piercing
              (3 damage)
             ... on level 6 of the Dungeon.
             The game lasted 00:13:36 (6509 turns).

Monsterracer the Ruffian (Naga Abyssal Knight)      Turns: 6509, Time: 00:13:37

Health: 0/96       AC:  5    Str: 22    XL:     7   Next: 84%
Magic:  8/8        EV:  8    Int: 12    God:    Lugonu [**....]
Gold:   217        SH:  0    Dex: 10    Spells: 5/6 levels left

rFire    . . .     SeeInvis +     - Unarmed
rCold    . . .     Gourm    .   (no shield)
rNeg     . . .     Faith    .   p - +0 ring mail
rPois    +         Spirit   .   (no helmet)
rElec    .         Reflect  .   (no cloak)
rCorr    +         Harm     .   n - +0 pair of gloves
MR       .....     Rnd*Tele +   (no barding)
Stlth    ..........             r - amulet of rage
HPRegen  0.26/turn              o - ring of teleportation (curse)
MPRegen  0.11/turn              q - ring of resist corrosion {!d}

@: berserking (expiring), heavily drained, quick
A: large, see invisible, deformed body, poison resistance, slowness 2, slow
metabolism 1, spit poison 1, AC +2
a: Spit Poison, Depart the Abyss, Bend Space, Renounce Religion, Evoke Berserk
Rage


You were on level 6 of the Dungeon.
You worshipped Lugonu.
Lugonu was pleased with you.
You were near starving.

You visited 1 branch of the dungeon, and saw 6 of its levels.
You visited the Abyss 1 time.

You collected 217 gold pieces.

Inventory:

Armour
 c - a +0 chain mail
 n - a +0 pair of gloves (worn)
 p - a +0 ring mail (worn)
 s - a cursed +0 buckler
Magical Staves
 b - an uncursed staff of power {!a}
Jewellery
 h - an uncursed ring of positive energy {!d}
 o - a cursed ring of teleportation (left hand)
 q - a ring of resist corrosion (right hand) {!d}
 r - an amulet of rage (around neck)
Scrolls
 e - a scroll of identify
 g - 3 scrolls of teleportation
 i - 2 scrolls of amnesia
Potions
 a - 2 potions of haste
 d - a potion of heal wounds
 f - a potion of curing
 j - 2 potions of mutation {!q}
 k - a potion of lignification
 l - 2 potions of agility
 m - a potion of berserk rage {unknown}
Comestibles
 t - 4 rations


   Skills:
 + Level 4.1(2.3) Fighting
 - Level 1.5(0.0) Armour
 - Level 0.7(0.0) Dodging
 + Level 4.0(2.3) Stealth
 + Level 0.6(0.0) Shields
 * Level 7.6(5.6) Unarmed Combat
 - Level 2.0(0.3) Invocations


You had 5 spell levels left.
You knew the following spells:

 Your Spells              Type           Power        Failure   Level  Hunger
a - Confusing Touch       Hex            #.....       47%         1    ##.....


Dungeon Overview and Level Annotations

Branches:
Dungeon (6/15)             Temple (0/1) D:4

Altars:
Dithmenos
Gozag
Hepliaklqana
Kikubaaqudgha
Makhleb
Nemelex Xobeh
Vehumet

Annotations:
D:5 zkyp's ghost, novice VSAs


Innate Abilities, Weirdness & Mutations

You cannot wear boots.
Your serpentine skin is tough. (AC +2)
You have supernaturally acute eyesight. (SInv)
Armour fits poorly on your strangely shaped body.
Your system is resistant to poisons. (rPois)
You cover ground very slowly.
You have a slow metabolism.
You can spit poison.


Message History

You start resting.
You recover from your berserk rage.
You regained 3 hp, and now have 49/64 hp.
You start resting.
Unknown command.
You regained 3 hp, and now have 52/64 hp.
A gnoll comes into view.
You regained 9 hp, and now have 61/64 hp.
The gnoll shouts!
You hit the gnoll.
The gnoll is lightly wounded.
The gnoll barely misses you.
Your ring mail prevents you from hitting the gnoll.
The gnoll is lightly wounded.
You closely miss the gnoll.
The gnoll is lightly wounded.
The gnoll hits you.
You take 6 damage, and have 56/64 hp.
You hit the gnoll.
The gnoll is moderately wounded.
The gnoll hits you but does no damage.
A gnoll comes into view. It is wielding a flail.
Press: ? - help, Shift-Dir - straight line, f - gnoll
Aim: a gnoll (moderately wounded)
The splash of poison hits the gnoll.
The gnoll appears unharmed.
The gnoll is moderately wounded.
You feel slightly more hungry. The gnoll completely misses you.
The gnoll moves out of view.
You hit the gnoll.
The gnoll is heavily wounded.
The gnoll hits you but does no damage.
You hit the gnoll.
The gnoll is heavily wounded.
The gnoll hits you.
You take 2 damage, and have 55/64 hp.
You hit the gnoll.
The gnoll is almost dead.
The gnoll hits you but does no damage.
You punch the gnoll!
You kill the gnoll!
Lugonu accepts your kill.
You hit the wight.
The wight is lightly damaged.
The wight closely misses you.
You hit the wight.
The wight is heavily damaged.
You have got your breath back.
The wight hits you with a battleaxe!
You feel drained.
You take 17 damage, and have 39/64 hp.
MASSIVE DAMAGE!!
You hit the wight.
The wight is heavily damaged.
You hit the wight.
The wight is almost destroyed.
The wight barely misses you.
You hit the wight but do no damage.
The wight is severely damaged.
The wight closely misses you.
Unknown command.
You hit the wight but do no damage.
The wight is severely damaged.
You hit the wight but do no damage.
The wight is severely damaged.
The wight hits you but does no damage.
You hit the wight.
The wight is almost destroyed.
The wight hits you with a battleaxe!
* * * LOW HITPOINT WARNING * * *
You take 15 damage, and have 25/64 hp.
MASSIVE DAMAGE!!
You hit the wight but do no damage.
The wight is almost destroyed.
The wight hits you with a battleaxe!
* * * LOW HITPOINT WARNING * * *
You feel drained.
* * * LOW HITPOINT WARNING * * *
You take 16 damage, and have 9/64 hp.
MASSIVE DAMAGE!!
You punch the wight!
You destroy the wight!
Lugonu accepts your kill.
Your base Stealth skill increases to level 4!
A wight comes into view. It is wielding a trident of piercing.
You see here a book of Misfortune.
As you read the scroll of identify, it crumbles to dust.
k - a potion of lignification A red film seems to cover your vision as you go berserk!
You feel yourself moving faster!
You feel mighty!
You are near starving!
You now have 15/96 hp.
You feel a strong urge to attack something.
A centaur zombie comes into view.
The wight hits you with a trident of piercing.
* * * LOW HITPOINT WARNING * * *
* * * LOW HITPOINT WARNING * * *
You take 3 damage, and have 12/96 hp.
You punch the wight!
The wight is severely damaged.
You hit the wight.
The wight is almost destroyed.
The wight hits you with a trident of piercing!
* * * LOW HITPOINT WARNING * * *
You die...

.# ### .# #######.##
.# #...##...## .#####
#.........# ##.#...
#...##...## ##....#
##.####.## #.....#
##.## #.######....#.#
#...###..:@z...Z....#
#.#..##########.#.###
#....# .# # ####.# '#
#.# .z #.## .z ###
#..## ...
..########...####
................'.


You could see a wight and a centaur zombie.

Vanquished Creatures
  An ice beast (D:5)
  An ogre (D:4)
  The ghost of zkyp the Sneak, an amateur VSAs of Dithmenos (D:3)
  2 wights (D:6)
  A crimson imp (D:4)
  A hound (D:6)
  An orc priest (D:4)
  An orc wizard (D:4)
  3 worker ants
  A hound skeleton (D:4)
  5 gnolls
  9 adders
  3 adder zombies
  An adder skeleton (D:4)
  3 worms
  4 dart slugs
  3 leopard geckos
  6 orcs
  5 ball pythons
  3 giant cockroaches
  6 goblins
  6 hobgoblins
  4 jackals (D:1)
  4 quokkas
  7 bats
  2 frilled lizards
  9 kobolds
  8 rats
101 creatures vanquished.

Notes
Turn   | Place    | Note
-------+----------+-------------------------------------------
     0 | Abyss:1  | Monsterracer the Naga Abyssal Knight began the quest for the Orb.
     0 | Abyss:1  | Reached XP level 1. HP: 21/21 MP: 2/2
    94 | D:1      | Escaped the Abyss
   108 | D:1      | HP: 9/21 [leopard gecko (3)]
   109 | D:1      | HP: 4/21 [leopard gecko (1)]
   621 | D:1      | HP: 10/21 [jackal (2)]
   624 | D:1      | Reached XP level 2. HP: 9/28 MP: 3/3
   628 | D:1      | HP: 8/28 [jackal (1)]
   631 | D:1      | HP: 2/28 [jackal (3)]
   990 | D:1      | Reached skill level 3 in Unarmed Combat
  1302 | D:1      | Reached XP level 3. HP: 30/34 MP: 4/4
  1636 | D:2      | Reached ** piety under Lugonu
  1979 | D:2      | Found a sparkling altar of Nemelex Xobeh.
  2261 | D:2      | Reached skill level 4 in Unarmed Combat
  2269 | D:2      | Reached XP level 4. HP: 30/42 MP: 5/5
  2687 | D:3      | Found an ancient bone altar of Kikubaaqudgha.
  2707 | D:3      | Found an opulent altar of Gozag.
  2953 | D:3      | You fall through a shaft for 3 floors!
  3037 | D:6      | HP: 14/42 [gnoll/club (9)]
  3039 | D:6      | Reached skill level 5 in Unarmed Combat
  3039 | D:6      | Reached XP level 5. HP: 17/49 MP: 6/6
  3041 | D:5      | Entered Level 5 of the Dungeon
  3043 | D:6      | HP: 13/49 [gnoll/flail (5)]
  3273 | D:5      | Noticed zkyp's ghost (novice VSAs)
  3302 | D:6      | HP: 24/49 [poisoned by an adder]
  3518 | D:5      | Noticed a sky beast
  3533 | D:4      | HP: 24/49 [gnoll/club (6)]
  4071 | D:3      | Noticed zkyp's ghost (amateur VSAs)
  4086 | D:3      | Killed zkyp's ghost
  4086 | D:3      | Reached skill level 6 in Unarmed Combat
  4086 | D:3      | Reached XP level 6. HP: 49/56 MP: 7/7
  4262 | D:2      | Found a radiant altar of Vehumet.
  4730 | D:4      | Found a radiant altar of Vehumet.
  4731 | D:4      | Found a burning altar of Makhleb.
  4752 | D:4      | Reached skill level 1 in Stealth
  5215 | D:4      | Found a staircase to the Ecumenical Temple.
  5307 | D:4      | HP: 28/56 [orc priest/hand axe (4)]
  5308 | D:4      | Reached XP level 7. HP: 31/62 MP: 8/8
  5576 | D:4      | Reached skill level 7 in Unarmed Combat
  6283 | D:6      | Found a shadowy altar of Dithmenos.
  6290 | D:6      | Found a hazy altar of Hepliaklqana.
  6365 | D:6      | Learned a level 1 spell: Confusing Touch
  6501 | D:6      | HP: 25/64 [wight/battleaxe (15)]
  6502 | D:6      | HP: 9/64 [wight/battleaxe (5)]
  6507 | D:6      | HP: 13/96 [wight/trident of piercing (2)]
  6509 | D:6      | HP: 3/96 [wight/trident of piercing (10)]
  6509 | D:6      | Slain by a wight

Skill      XL: |  1  2  3  4  5  6  7 |
---------------+----------------------+-----
Unarmed Combat | 3 4 5 6 7 |  7.6
Stealth        | 2 4 |  4.0
Fighting       | 4 |  4.1
Armour         | |  1.5
Dodging        | |  0.7
Shields        | |  0.6
Invocations    | |  2.0

Action                   |  1- 3 |  4- 6 |  7- 9 || total
-------------------------+-------+-------+-------++-------
Melee: Unarmed           |   151 |   232 |    53 ||   436
       Punch             |     1 |     2 |     2 ||     5
 Abil: Spit Poison       |     8 |    20 |     6 ||    34
       Evoke Berserk Rag |       |       |     3 ||     3
  Use: Scroll            |       |    11 |     1 ||    12
  Eat: Chunk             |     3 |     9 |     1 ||    13
       Ration            |       |       |     1 ||     1
Armor: Leather armour    |    55 |     4 |       ||    59
       Ring mail         |       |    85 |    12 ||    97
Dodge: Dodged            |   103 |    90 |    12 ||   205

Vault maps used:
D:1:      lightli_arrival_boilingwater
D:2:      lemuel_upstairs_altar, overflow_temple_1_default
D:3:      nicolae_gozag_seed_capital, overflow_temple_1_default, first_ration,
          minmay_item_behind_shaft
D:4:      grunt_temple_overflow_lords_of_destruction,
          minmay_temple_entry_butterflies, small_statue_alley_b
D:5:      kennysheep_small_square
D:6:      overflow_temple_1_default, lemuel_doored_altar, lemuel_round_altar,
          kennysheep_little_box
